 Dungeon Crawl Stone Soup version 0.18-a0-884-gb6cfd45 (webtiles) character file.

699631 JokEr the Conqueror (level 27, -1/249 HPs)
             Began as a Merfolk Fighter on Dec 20, 2015.
             Was the Champion of the Shining One.
             Slain by a white very ugly thing (48 damage)
             ... on level 5 of the Abyss on Dec 22, 2015.
             The game lasted 07:25:06 (78137 turns).

JokEr the Conqueror (Merfolk Fighter)              Turns: 78137, Time: 07:25:32

Health: -1/249     AC: 32    Str: 28      XL:     27
Magic:  28/28      EV: 30    Int: 11 (12) God:    the Shining One [******]
Gold:   2258       SH: 15    Dex: 31      Spells: 1 memorised, 17 levels left

rFire  + + .     SeeInvis .     J - +8 trishula (holy)
rCold  x x .     Gourm    .     q - +8 plate armour {MR+}
rNeg   + + +     Faith    .     w - +5 buckler of the Bard {+Inv rPois rC- Dex+9}
rPois  +         Spirit   .     M - +2 hat "Adghuaraa" {rElec Regen+ Int+5 Stlth-}
rElec  +         Dismiss  .     s - +0 cloak of Lacah {rN+++ MR- rCorr MP-9}
rCorr  +         Reflect  .     L - +2 pair of gloves {Dex+3}
SustAt .         Harm     .     T - +2 pair of boots {Fly}
MR     +++++     Rnd*Rage +     Q - necklace of Bloodlust {*Rage +Rage MR+ Str+2 Int-2 Slay+3 *Curse}
Stlth  +.........               S - ring of Eteub {rPois rF+ MR+}
                                G - ring of Vehumet's Outrage {Fire MR+ Str+2 Dex+4}

@: exhausted, flying, slowed, glowing, very slow, almost entirely resistant to
hostile enchantments, very unstealthy
A: change form in water, swift swim, claws 1, deformed body, weak 1, MP-powered
wands
a: Divine Shield, Cleansing Flame, Summon Divine Warrior, Renounce Religion,
Evoke Berserk Rage, Evoke Invisibility, Stop Flying
}: 4/15 runes: serpentine, barnacled, slimy, silver


You were on level 5 of the Abyss.
You worshipped the Shining One.
The Shining One was exalted by your worship.
You were not hungry.

You visited 12 branches of the dungeon, and saw 57 of its levels.
You visited the Abyss 2 times.
You also visited: Sewer, Volcano and Wizlab.

You collected 8030 gold pieces.
You spent 5772 gold pieces at shops.

Inventory:

Hand Weapons
 J - a +8 trishula of holy wrath (weapon)
Armour
 q - a +8 plate armour of magic resistance (worn)
 s - the +0 cloak of Lacah (worn) {rN+++ MR- rCorr MP-9}
   (You bought it in a shop on level 3 of the Vaults)

   It renders you almost immune to negative energy.
   It affects your resistance to hostile enchantments.
   It affects your magic capacity (-9).
   It protects you from acid and corrosion.
 w - the +5 buckler of the Bard (worn) {+Inv rPois rC- Dex+9}
   (You bought it in a shop on level 2 of the Snake Pit)

   It affects your dexterity (+9).
   It makes you vulnerable to cold.
   It protects you from poison.
   It lets you turn invisible.
 K - a +2 ice dragon armour
 L - a +2 pair of gloves of dexterity (worn)
 M - the +2 hat "Adghuaraa" (worn) {rElec Regen+ Int+5 Stlth-}
   (You acquired it on level 2 of the Lair of Beasts)

   It affects your intelligence (+5).
   It insulates you from electricity.
   It increases your rate of regeneration.
   It makes you less stealthy.
 O - a +0 pair of boots of stealth
 T - a +2 pair of boots of flying (worn)
Jewellery
 d - an uncursed amulet of resist corrosion
 e - an uncursed ring of ice
 g - the ring of Vinem {Wiz +Blink rElec, unknown}
   (You found it on level 5 of the Abyss)

   [ring of wizardry]

   It improves your spell success rate.
   It insulates you from electricity.
   It lets you blink.
 G - the ring of Vehumet's Outrage (left hand) {Fire MR+ Str+2 Dex+4}
   (You found it on level 6 of the Pits of Slime)

   [ring of fire]

   It enhances your fire magic, and weakens your ice magic.
   It affects your strength (+2).
   It affects your dexterity (+4).
   It protects you from fire.
   It makes you vulnerable to cold.
   It affects your resistance to hostile enchantments.
 Q - the necklace of Bloodlust (around neck) {*Rage +Rage MR+ Str+2 Int-2 Slay+3 *Curse}
   (You found it on level 2 of the Lair of Beasts)

   [amulet of rage]

   It affects your strength (+2).
   It affects your intelligence (-2).
   It affects your accuracy and damage with ranged weapons and melee attacks
   (+3).
   It affects your resistance to hostile enchantments.
   It lets you go berserk.
   It may make you go berserk in combat.
   It may re-curse itself when equipped.
 S - the ring of Eteub (right hand) {rPois rF+ MR+}
   (You found it on level 2 of the Vaults)

   [ring of protection from magic]

   It protects you from fire.
   It protects you from poison.
   It affects your resistance to hostile enchantments.
 W - the ring "Juzyrizxo" {-Tele rF++ rC+ Dex+5}
   (You found it on level 3 of the Elven Halls)

   [ring of protection from cold]

   It affects your dexterity (+5).
   It greatly protects you from fire.
   It protects you from cold.
   It prevents most forms of teleportation.
Wands
 a - a wand of heal wounds (2/9)
 l - a wand of fireball (15/15)
 n - a wand of hasting (2/9)
 r - a wand of digging (2/24)
 A - a wand of heal wounds (0/9)
 F - a wand of teleportation (7/9)
Scrolls
 b - 11 scrolls of magic mapping
 i - 9 scrolls of blinking
 j - 8 scrolls of fog
 p - 19 scrolls of remove curse
 v - a scroll of identify
 x - a scroll of brand weapon
 y - 15 scrolls of teleportation
 B - 15 scrolls of fear
 R - 7 scrolls of summoning
 Z - 2 scrolls of silence
Potions
 c - a potion of agility
 k - 2 potions of invisibility
 o - 5 potions of cure mutation
 z - a potion of heal wounds
 C - 7 potions of brilliance
 D - 5 potions of haste
 I - 4 potions of magic
 N - a potion of experience
Miscellaneous
 t - a box of beasts
 u - a box of beasts
 H - 3 phantom mirrors
 P - a box of beasts
Comestibles
 f - 8 bread rations
 h - 29 beef jerkies
 m - 19 meat rations
 E - 4 fruits
 U - 2 royal jellies
 V - a slice of pizza


   Skills:
 O Level 27 Fighting
   Level 1.9 Short Blades
 + Level 25.5 Polearms
 - Level 17.3 Armour
 - Level 21.7 Dodging
 - Level 14.4 Stealth
 - Level 15.5 Shields
 - Level 10.4 Invocations
 - Level 20.4 Evocations


You had 17 spell levels left.
You knew the following spells:

 Your Spells              Type           Power        Failure   Level  Hunger
a - Glaciate              Conj/Ice       #.........   100%        9    #######


Dungeon Overview and Level Annotations

Branches:
Dungeon (15/15)            Temple (1/1) D:5            Lair (8/8) D:10
 Shoals (4/4) Lair:4        Snake (4/4) Lair:6        Slime (6/6) Lair:6
    Orc (2/2) D:11            Elf (3/3) Orc:2        Vaults (5/5) D:13
  Crypt (3/3) Vaults:3       Tomb (1/3) Crypt:3      Depths (5/5) D:15
    Zot (0/5) Depths:5

Altars:
Ashenzari
Cheibriados
Dithmenos
Elyvilon
Fedhas
Gozag
Kikubaaqudgha
Makhleb
Nemelex Xobeh
Okawaru
Pakellas
Qazlal
Ru
Sif Muna
Trog
Vehumet
Xom
Yredelemnul
Zin
The Shining One

Shops:
D:6 [   D:15 !   Orc:2 ?!(}   Elf:1 [   Elf:2 *   Elf:3 ?   Shoals:4 =
Snake:1 (   Snake:2 [   Snake:3 *   Snake:4 }   Vaults:3 *:   Vaults:5 ?!
Depths:1 [*}?(

Portals:
Hell: Depths:1 Depths:2 Depths:3 Depths:4 Depths:5
Abyss: Depths:4
Pandemonium: Orc:2 Depths:1 Depths:3 Depths:4
Ziggurat: Depths:1

Annotations:
D:10 1 exclusion


Innate Abilities, Weirdness & Mutations

You revert to your normal form in water.
You are very nimble and swift while swimming.
You have sharp fingernails.
Armour fits poorly on your strangely shaped body.
You are weak. (Str -2)
You expend magic power (3 MP) to strengthen your wands.


Message History

The chaos spawn is moderately wounded.
The white very ugly thing headbutts you.
The white very ugly thing freezes you!!
You feel a terrible chill!
* * * LOW HITPOINT WARNING * * *
You block the chaos spawn's attack.
You impale the chaos spawn!!
The chaos spawn convulses!!
You kill the chaos spawn!
The Shining One accepts your kill.
The chaos spawn degenerates into a cloud of primal chaos!
The white very ugly thing barely misses you.
You puncture the white very ugly thing!
The white very ugly thing is severely wounded.
You block the white very ugly thing's attack.
You puncture the white very ugly thing!
The white very ugly thing is severely wounded.
The white very ugly thing headbutts you!
* * * LOW HITPOINT WARNING * * *
The white very ugly thing freezes you!!!
You feel a terrible chill!
You die...

. # # ## . .
##. . # ###
..# ##
#..#..##?.# #
.### #....ยง.#
# ... ##u@# .
## . #.#.## #
# # #.##
#....# # # .
###..# .. .# #
...# # . .#
#.#.## . .
..###..###..##
# # #. ....##
. #
.##.#..#.###[
#


You could see a white very ugly thing.

Vanquished Creatures
  the Royal Jelly (Slime:6)
  An ancient lich (Abyss:5)
  A juggernaut (Depths:5)
  Sojobo (Crypt:1)
  Boris (twice) (Vaults:2 Crypt:3)
  A greater mummy (Crypt:3)
  3 iron giants
  Saint Roka (Crypt:2)
  A caustic shrike (Depths:4)
  The ghost of conein the Pyromancer, a veteran DEWz of Vehumet (Vaults:4)
  2 golden dragons
  Nikola (Elf:1)
  9 bone dragons (Abyss:5)
  6 tentacled monstrosities
  Rupert (D:13)
  14 titans
  A Hell Sentinel (Abyss:5)
  8 deep elf blademasters
  10 liches
  5 deep elf master archers
  15 acid blobs
  3 quicksilver dragons
  3 Executioners (Abyss:5)
  21 tentacled starspawn
  Frances (Snake:2)
  5 sphinxes
  4 storm dragons
  7 ancient champions
  8 tengu reavers
  8 shadow dragons
  4 revenants
  Ilsuiw (Shoals:4)
  20 frost giants
  19 fire giants
  The ghost of M4edhros the Unseen, an adept OpAr of Fedhas (Elf:2)
  16 azure jellies
  3 iron dragons
  A draconian scorcher (Depths:5)
  Maud (D:11)
  11 greater nagas
  A draconian zealot (Abyss:5)
  A juggernaut zombie (Crypt:1)
  7 emperor scorpions
  A cacodemon (Abyss:5)
  An angel (Abyss:3)
  14 vault wardens
  8 deep elf sorcerers
  4 curse skulls
  18 ghouls
  5 deep elf elementalists
  11 ironheart preservers
  9 very ugly things
  6 spriggan defenders
  A caustic shrike skeleton (Depths:3)
  6 reapers
  33 stone giants
  3 green draconians
  2 salamander stormcallers
  2 war gargoyles
  4 vampire knights
  92 starcursed masses
  11 deep elf demonologists
  10 deep elf annihilators
  4 yellow draconians
  2 black draconians
  A purple draconian (Crypt:3)
  2 mottled draconians
  4 lorocyprocas
  3 white draconians
  19 spark wasps
  2 red draconians
  4 eidola
  3 mummy priests (Crypt:3)
  A crystal guardian (Vaults:4)
  9 great orbs of eyes
  3 green deaths
  13 deep elf death magi
  10 jiangshi
  5 merfolk javelineers
  18 ettins
  Snorg (Orc:2)
  6 death oozes (Slime:6)
  33 vault guards
  A blizzard demon (Abyss:5)
  Josephine (D:10)
  10 merfolk impalers
  23 yaktaur captains
  11 fire dragons
  12 anacondas
  7 deep elf high priests
  6 entropy weavers
  An iron giant zombie (Crypt:1)
  10 hydras
  12 naga warriors
  11 ice dragons
  An anaconda (shapeshifter) (Depths:2)
  A hell beast (Depths:3)
  An alligator snapping turtle (Shoals:3)
  A ghost crab (shapeshifter) (WizLab)
  9 ogre magi
  6 death knights
  12 centaur warriors
  A rakshasa (Abyss:5)
  A satyr (Shoals:2)
  3 spriggan air magi
  5 merfolk avatars
  6 merfolk aquamancers
  9 deep troll shamans
  A queen ant (Lair:4)
  30 dancing weapons
  2 tengu warriors
  12 deep troll earth magi
  6 vampire magi
  17 death yaks
  4 soul eaters
  4 naga sharpshooters
  5 spriggan berserkers
  26 thrashing horrors (Abyss:5)
  6 shock serpents
  A fire crab (shapeshifter) (WizLab)
  22 wretched stars
  An iron golem (WizLab)
  A storm dragon zombie (Crypt:3)
  5 orc high priests (Orc:2)
  30 deep elf knights
  7 iron trolls
  2 wizards
  2 salamander mystics (Snake:2)
  3 fire crabs
  33 skeletal warriors
  3 titan skeletons
  8 spatial maelstroms (Abyss:5)
  8 shadow wraiths
  2 gelid demonspawn
  A shadow demon (Depths:4)
  31 sea snakes
  A sun demon (Depths:3)
  60 large abominations
  7 hell knights (Abyss:5)
  A putrid demonspawn (Orc:2)
  2 storm dragon skeletons
  3 unseen horrors
  27 deep elf archers
  An orange crystal statue (Depths:4)
  8 giant orange brains
  14 phantasmal warriors
  A mana viper (shapeshifter) (WizLab)
  6 naga ritualists
  A torturous demonspawn (Orc:2)
  6 flayed ghosts
  61 ugly things
  15 ironbrand convokers
  9 hill giants
  6 necromancers
  A shining eye (Slime:6)
  A lindwurm (shapeshifter) (Depths:3)
  An orb spider (shapeshifter) (WizLab)
  32 deep trolls
  An oklob plant (Lair:4)
  13 orc knights
  5 cyclopes
  4 wolf spiders
  2 stone giant zombies
  16 griffons
  8 mana vipers
  13 orc sorcerers
  2 harpies
  A shadow dragon skeleton (Abyss:1)
  7 worldbinders (Abyss:5)
  4 hornets
  2 moths of wrath (shapeshifter)
  2 rust devils
  A water nymph (shapeshifter) (Depths:2)
  15 salamanders
  115 slime creatures
  67 deep elf magi
  12 sixfirhies
  26 black mambas
  9 elephants
  An iron dragon skeleton (Abyss:5)
  2 hornets (shapeshifter) (WizLab)
  6 manticores
  A shock serpent zombie (Crypt:2)
  A guardian serpent (shapeshifter) (WizLab)
  11 fauns
  4 apocalypse crabs
  8 water nymphs
  A gargoyle (D:15)
  Psyche (D:11)
  10 sirens
  3 orange demons
  2 fire giant skeletons
  2 torpor snails
  A frost giant skeleton (Crypt:3)
  3 eyes of devastation
  A spiny frog (shapeshifter) (D:15)
  11 naga magi
  A dire elephant zombie (Crypt:1)
  An eye of devastation (shapeshifter) (Depths:4)
  6 guardian serpents
  16 smoke demons
  An elephant slug zombie (Crypt:1)
  5 kobold demonologists
  14 vault sentinels
  A catoblepas zombie (Crypt:3)
  3 demonic crawlers (Abyss:5)
  2 yaktaurs (shapeshifter) (WizLab)
  4 efreet
  2 fire drakes
  4 hellions
  3 tormentors (Abyss:5)
  12 spiny frogs
  11 komodo dragons
  4 hellwings
  27 guardian mummies (Crypt:3)
  24 ancient zymes
  A spriggan druid (Lair:8)
  4 ice devils
  5 red devils
  A silent spectre (Abyss:5)
  59 yaktaurs
  A yellow draconian skeleton (Crypt:2)
  4 trolls
  A fire drake (shapeshifter) (WizLab)
  27 merfolk
  A queen ant zombie (Crypt:3)
  A hydra zombie (Crypt:3)
  A jumping spider (Vaults:5)
  13 polar bears
  2 jumping spiders (shapeshifter) (WizLab)
  4 wind drakes
  9 freezing wraiths
  A harpy zombie (Crypt:2)
  A raiju (shapeshifter) (WizLab)
  A slime creature (shapeshifter) (Vaults:5)
  7 two-headed ogres
  An iron dragon simulacrum (Crypt:3)
  A shadow dragon simulacrum (Vaults:5)
  A trapdoor spider zombie (D:12)
  22 blink frogs
  A fire dragon zombie (Crypt:1)
  A hornet zombie (D:10)
  2 two-headed ogres (shapeshifter)
  9 bog bodies
  56 raiju
  2 trapdoor spiders
  11 snapping turtles
  8 ushabtiu (Crypt:3)
  20 spriggans
  3 wyverns
  A dire elephant simulacrum (Crypt:3)
  24 redbacks
  7 boulder beetles
  10 air elementals
  32 water elementals
  3 vampires
  13 yaks
  An alligator skeleton (Crypt:3)
  A flying skull (Vaults:3)
  A fire dragon skeleton (Crypt:3)
  4 tarantellas
  A redback (shapeshifter) (WizLab)
  A spriggan (shapeshifter) (WizLab)
  5 fire elementals
  A yak (shapeshifter) (WizLab)
  6 golden eyes
  16 chaos spawn
  4 shadows
  A basilisk (shapeshifter) (D:13)
  An elf zombie (Vaults:1)
  18 wraiths
  A black mamba skeleton (Crypt:3)
  12 ynoxinuls
  A spriggan simulacrum (Depths:3)
  A trapdoor spider (shapeshifter) (WizLab)
  6 basilisks
  18 hippogriffs
  16 humans
  2 wind drake skeletons
  6 fire bats
  A hog (shapeshifter) (WizLab)
  20 vampire mosquitoes
  4 hungry ghosts
  20 neqoxecs (Abyss:5)
  6 wargs
  28 wolves
  43 nagas
  6 spatial vortices (Abyss:5)
  17 insubstantial wisps (Abyss:5)
  2 mottled dragons (D:11)
  34 small abominations
  A hippogriff (shapeshifter) (WizLab)
  Duvessa (D:7)
  23 soldier ants
  18 water moccasins
  A naga (shapeshifter) (WizLab)
  5 hell hounds
  3 ice beasts
  9 black bears
  9 porcupines
  2 fire dragon simulacra
  An ice dragon simulacrum (Vaults:1)
  44 orc warriors
  An eye of draining (shapeshifter) (WizLab)
  A black bear (shapeshifter) (WizLab)
  14 eyes of draining
  18 centaurs
  17 boggarts
  30 ogres
  6 phantoms
  19 wasps
  6 necrophages
  An anubis guard skeleton (Crypt:2)
  21 crocodiles
  An elf simulacrum (Vaults:1)
  7 big kobolds
  A fire crab zombie (Crypt:1)
  2 human zombies (Vaults:1)
  An ogre simulacrum (Vaults:1)
  23 giant frogs
  Dowan (D:7)
  A scorpion (shapeshifter) (Elf:3)
  5 earth elementals
  17 killer bees
  4 scorpions
  A human simulacrum (Vaults:1)
  A spriggan zombie (Crypt:2)
  14 wights
  A yak skeleton (Crypt:3)
  36 jellies
  A spriggan skeleton (Crypt:3)
  5 electric eels
  3 quasits
  4 centaur zombies
  12 crimson imps
  A giant frog zombie (D:13)
  7 lava snakes (Volcano)
  Crazy Yiuf (D:7)
  3 giant frog skeletons
  5 hounds
  2 centaur skeletons
  An iron imp (Depths:5)
  36 orc priests
  18 orc wizards
  54 worker ants
  6 hell rats
  10 iguanas
  A dwarf zombie (Crypt:1)
  10 sheep
  A crocodile zombie (Crypt:1)
  2 hound zombies
  4 hound skeletons
  5 mummies (Crypt:3)
  2 worker ant zombies (D:10)
  17 adders
  65 river rats
  7 gnolls
  21 white imps
  3 shadow imps
  4 giant eyeballs (WizLab)
  5 ufetubi
  7 oozes
  2 adder skeletons
  An adder zombie (D:9)
  4 worms
  An iguana skeleton (Crypt:3)
  9 giant geckos
  134 orcs
  3 giant cockroaches
  3 goblins
  4 hobgoblins
  10 jackals
  22 kobolds
  2 quokkas
  4 ball pythons
  6 bats
  A giant gecko zombie (Crypt:3)
  8 giant newts
  A gnoll skeleton (Crypt:2)
  A jackal skeleton (D:6)
  2 jackal zombies
  2 quokka skeletons
  16 rats
  3 fungi
  A lost soul (Crypt:3)
  3 lurking horrors (Abyss:5)
  2 plants
  8 starspawn tentacles
3468 creatures vanquished.

Vanquished Creatures (collateral kills)
  A titan (Crypt:3)
  A deep elf blademaster (Elf:3)
  A frost giant (Crypt:3)
  A deep elf elementalist (Elf:3)
  2 ironheart preservers (Vaults:5)
  A ghoul (Crypt:3)
  A salamander stormcaller (Vaults:5)
  An apis (shapeshifter) (Vaults:5)
  A deep elf demonologist (Vaults:5)
  An eidolon (Crypt:3)
  3 ettins (Vaults:5)
  A yaktaur captain (Vaults:5)
  A small abomination (Elf:3)
  A deep elf knight (Elf:3)
  2 deep trolls (Vaults:5)
  An ironbrand convoker (Vaults:5)
  A deep elf mage (Vaults:5)
  A hill giant (shapeshifter) (Vaults:5)
  2 shining eyes
  A vault sentinel (Vaults:5)
  6 yaktaurs (Vaults:5)
  2 guardian mummies (Crypt:3)
  2 bog bodies (Crypt:3)
  2 ushabtiu (Crypt:3)
  9 slime creatures
  A golden eye (Slime:3)
  An ogre (Vaults:5)
  A necrophage (Crypt:3)
  A jelly (Slime:3)
  2 mummies (Crypt:3)
52 creatures vanquished.

Vanquished Creatures (others)
  A golden dragon (Vaults:5)
  An ancient champion (Depths:2)
  3 fire giants
  A deep elf sorcerer (Vaults:5)
  A ghoul (Crypt:3)
  2 ironheart preservers
  2 deep elf annihilators
  2 yaktaur captains (Vaults:5)
  A fire crab (shapeshifter) (Vaults:5)
  A shadow dragon zombie (Vaults:5)
  A deep elf mage (Crypt:1)
  A deep elf archer (Vaults:5)
  A shining eye (shapeshifter) (Vaults:5)
  A vault sentinel (Vaults:5)
  4 yaktaurs (Vaults:5)
  A freezing wraith (Vaults:5)
  An ancient zyme (Abyss:5)
  A stone giant simulacrum (Vaults:5)
  A blink frog (Abyss:5)
  A vampire mosquito (Abyss:5)
  A spatial vortex (Abyss:5)
  2 ogres (Vaults:5)
  4 small abominations
  2 boggarts
  A wasp (Abyss:5)
  A big kobold (shapeshifter) (Vaults:5)
  2 worker ants (Abyss:5)
  A ball python (shapeshifter) (Vaults:5)
  24 bushes (Depths:4)
  2 crawling corpses
  4 fire vortices
  19 fungi
  6 lost souls
  4 lurking horrors (Abyss:5)
  21 plants
  39 starspawn tentacles
  434 starspawn tentacle segments
595 creatures vanquished.

Grand Total: 4115 creatures vanquished

Notes
Turn   | Place    | Note
--------------------------------------------------------------
     0 | D:1      | JokEr the Merfolk Fighter began the quest for the Orb.
     0 | D:1      | Reached XP level 1. HP: 18/18 MP: 1/1
   233 | D:1      | Found an iron altar of Okawaru.
   243 | D:1      | Became a worshipper of Warmaster Okawaru
   433 | D:1      | Reached XP level 2. HP: 24/24 MP: 2/2
   784 | D:2      | Reached skill level 1 in Dodging
   784 | D:2      | Reached XP level 3. HP: 15/30 MP: 3/3
  1185 | D:2      | Found a basalt altar of Yredelemnul.
  1238 | D:2      | Found a sparkling altar of Nemelex Xobeh.
  1383 | D:2      | Found a stormy altar of Qazlal.
  1561 | D:3      | Reached XP level 4. HP: 35/37 MP: 4/4
  1656 | D:3      | Reached skill level 4 in Fighting
  1672 | D:3      | Found a radiant altar of Vehumet.
  1718 | D:3      | Found a shimmering altar of Xom.
  1724 | D:3      | Found a sacrificial altar of Ru.
  1727 | D:3      | Found a snail-covered altar of Cheibriados.
  1794 | D:3      | Reached XP level 5. HP: 39/42 MP: 5/5
  2008 | D:3      | Found a glowing drain.
  2012 | Sewer    | Entered a sewer
  2091 | Sewer    | Reached skill level 1 in Stealth
  2091 | Sewer    | Reached XP level 6. HP: 40/48 MP: 6/6
  2463 | Sewer    | Reached * piety under Okawaru
  3302 | D:4      | Reached XP level 7. HP: 52/55 MP: 7/7
  3344 | D:4      | Reached skill level 5 in Polearms
  3554 | D:4      | Reached skill level 5 in Fighting
  3912 | D:4      | Reached skill level 6 in Polearms
  4502 | D:5      | Entered Level 5 of the Dungeon
  4622 | D:5      | Found a staircase to the Ecumenical Temple.
  4831 | D:5      | Reached skill level 7 in Polearms
  4831 | D:5      | Reached XP level 8. HP: 59/64 MP: 8/8
  5140 | D:5      | Reached skill level 8 in Polearms
  5658 | D:6      | Found an oddly glowing altar of Pakellas.
  6057 | D:6      | Found Didonog's Antique Armour Shop.
  6081 | D:6      | Reached skill level 9 in Polearms
  6120 | D:6      | Found a burning altar of Makhleb.
  6122 | D:6      | Found a glowing silver altar of Zin.
  6122 | D:6      | Noticed an angel
  6123 | D:6      | Noticed a balrug
  6169 | D:6      | Found a shattered altar of Ashenzari.
  6494 | D:6      | Reached XP level 9. HP: 73/75 MP: 9/9
  6506 | D:6      | Reached skill level 10 in Polearms
  6533 | D:6      | Reached ** piety under Okawaru
  6915 | D:7      | Noticed Duvessa
  6938 | D:7      | Killed Duvessa
  6947 | D:7      | Noticed Dowan
  6957 | D:7      | Killed Dowan
  7159 | D:7      | Reached skill level 11 in Polearms
  7578 | D:7      | Noticed Crazy Yiuf
  7605 | D:7      | Killed Crazy Yiuf
  7605 | D:7      | Reached skill level 12 in Polearms
  7717 | D:7      | Reached skill level 10 in Fighting
  7869 | D:7      | Identified 2 scrolls of acquirement
  7877 | D:7      | Got a translucent demon trident
  7879 | D:7      | Identified the +4 demon trident "Ultimatum" {flame, Str+3 Int+3} (You acquired it on level 7 of the Dungeon)
  7884 | D:7      | Gained mutation: Your muscles are strong. (Str +2) [potion of beneficial mutation]
  7914 | D:8      | Reached XP level 10. HP: 85/85 MP: 10/10
  8253 | D:8      | Found a glowing golden altar of the Shining One.
  8341 | D:8      | Reached skill level 13 in Polearms
  8901 | D:9      | Reached *** piety under Okawaru
  9051 | D:9      | Reached skill level 14 in Polearms
  9476 | D:10     | Entered Level 10 of the Dungeon
  9667 | D:10     | Found a staircase to the Lair.
  9681 | D:10     | Noticed a hill giant
  9687 | D:10     | Killed a hill giant
  9687 | D:10     | Reached XP level 11. HP: 80/95 MP: 8/11
  9887 | D:10     | Reached **** piety under Okawaru
  9915 | D:10     | Reached skill level 15 in Polearms
  9920 | D:10     | Noticed Josephine
  9936 | D:10     | Killed Josephine
 10355 | D:10     | Reached ***** piety under Okawaru
 10484 | Lair:1   | Entered Level 1 of the Lair of Beasts
 10684 | Lair:1   | Reached skill level 16 in Polearms
 10895 | Lair:1   | Noticed a four-headed hydra
 10907 | Lair:1   | Killed a four-headed hydra
 11732 | Lair:2   | Got a transparent hat
 11738 | Lair:2   | Identified the +2 hat "Adghuaraa" {rElec Regen+ Int+5 Stlth-} (You acquired it on level 2 of the Lair of Beasts)
 11768 | Lair:2   | Reached XP level 12. HP: 103/106 MP: 12/12
 11777 | Lair:2   | Reached ****** piety under Okawaru
 11777 | Lair:2   | Reached skill level 17 in Polearms
 11797 | Lair:2   | Reached skill level 1 in Invocations
 11968 | Lair:2   | Identified the Guide on Dusty Arcane Weapons
 12177 | Lair:2   | Found a dark tunnel.
 12185 | Volcano  | Entered a volcano
 12274 | Volcano  | Received a gift from Okawaru
 12274 | Volcano  | Reached skill level 5 in Invocations
 12323 | Volcano  | Found a radiant altar of Vehumet.
 13599 | Lair:3   | Reached skill level 1 in Evocations
 13814 | Lair:4   | Found a staircase to the Shoals.
 13868 | Lair:4   | Found a frozen archway.
 14196 | Lair:4   | Reached skill level 5 in Evocations
 14413 | Lair:4   | Received a gift from Okawaru
 14435 | Lair:4   | Noticed a queen ant
 14442 | Lair:4   | Killed a queen ant
 14442 | Lair:4   | Reached XP level 13. HP: 112/112 MP: 16/19
 15109 | Lair:5   | Reached skill level 5 in Dodging
 15804 | Lair:6   | Found a staircase to the Slime Pits.
 15875 | Lair:6   | Received a gift from Okawaru
 16201 | Lair:6   | Reached skill level 15 in Fighting
 16214 | Lair:6   | Received a gift from Okawaru
 16455 | Lair:6   | Reached XP level 14. HP: 123/123 MP: 13/20
 16572 | Lair:6   | Reached skill level 10 in Dodging
 16657 | Lair:6   | Found a staircase to the Snake Pit.
 17187 | Lair:7   | Received a gift from Okawaru
 17497 | Lair:7   | Reached skill level 5 in Armour
 18105 | Lair:8   | Entered Level 8 of the Lair of Beasts
 18217 | Lair:8   | Received a gift from Okawaru
 18804 | Lair:8   | Reached XP level 15. HP: 131/131 MP: 21/21
 19800 | D:11     | Noticed Psyche
 19806 | D:11     | Killed Psyche
 20197 | D:11     | Found a staircase to the Orcish Mines.
 20210 | D:11     | Noticed Maud
 20224 | D:11     | Killed Maud
 20287 | D:11     | Got a pitted lapis lazuli ring
 20423 | D:11     | Identified the ring "Butujit" {+/*Tele Slay+2} (You found it on level 11 of the Dungeon)
 20569 | D:11     | Received a gift from Okawaru
 21653 | D:13     | Found a gate to the Vaults.
 21653 | D:13     | Noticed Rupert
 21731 | D:13     | Killed Rupert
 21731 | D:13     | Reached skill level 18 in Polearms
 21754 | D:13     | Received a gift from Okawaru
 22520 | D:14     | Reached skill level 5 in Shields
 23140 | D:15     | Entered Level 15 of the Dungeon
 23378 | D:15     | Found Vesum's Distillery.
 23389 | D:15     | Bought a potion of curing for 51 gold pieces
 23389 | D:15     | Bought 2 potions of might for 136 gold pieces
 23389 | D:15     | Bought a potion of might for 68 gold pieces
 23389 | D:15     | Bought a potion of curing for 51 gold pieces
 23389 | D:15     | Bought a potion of heal wounds for 85 gold pieces
 23408 | D:15     | Received a gift from Okawaru
 23479 | D:15     | Reached XP level 16. HP: 97/141 MP: 22/22
 23695 | D:15     | Found a blossoming altar of Fedhas.
 24173 | D:15     | Found a staircase to the Depths.
 24425 | Orc:1    | Entered Level 1 of the Orcish Mines
 24630 | Orc:1    | You fall through a shaft!
 24630 | Orc:2    | Entered Level 2 of the Orcish Mines
 24630 | Orc:2    | Noticed Snorg
 24638 | Orc:2    | Killed Snorg
 24763 | Orc:2    | Found a staircase to the Elven Halls.
 25090 | Orc:2    | Found Caur's Magic Scroll Shop.
 25091 | Orc:2    | Found Xupuakhau's Distillery.
 25395 | Orc:2    | Received a gift from Okawaru
 25439 | Orc:2    | Reached skill level 19 in Polearms
 25460 | Orc:2    | Found a one-way gate leading to the halls of Pandemonium.
 25460 | Orc:2    | Found Utaste Zixt's Gadget Emporium.
 25460 | Orc:2    | Found Misk's Antique Weapon Shoppe.
 25803 | Orc:2    | Bought a scroll of teleportation for 48 gold pieces
 25803 | Orc:2    | Bought a scroll of summoning for 152 gold pieces
 26330 | Snake:1  | Entered Level 1 of the Snake Pit
 26499 | Snake:1  | Found Qeufye's Antique Weapon Shop.
 26951 | Snake:1  | Upgraded the game from 0.18-a0-846-g91b95b1 to 0.18-a0-867-gfd1cc8f
 27393 | Snake:2  | Reached XP level 17. HP: 131/149 MP: 23/23
 27864 | Snake:3  | Reached skill level 20 in Polearms
 28147 | Snake:3  | Received a gift from Okawaru
 28604 | Snake:3  | Found Uxymach's General Store.
 28681 | Snake:3  | Bought a scroll of summoning for 133 gold pieces
 28681 | Snake:3  | Bought a scroll of fear for 49 gold pieces
 29064 | Snake:2  | Found Rufeon's Antique Armour Shop.
 29082 | Snake:2  | Bought a jewelled buckler for 294 gold pieces
 29082 | Snake:2  | Identified the +5 buckler of the Bard {+Inv rPois rC- Dex+9} (You bought it in a shop on level 2 of the Snake Pit)
 29485 | Snake:2  | Reached skill level 21 in Polearms
 29503 | Snake:2  | Received a gift from Okawaru
 30005 | Snake:2  | Noticed Frances
 30033 | Snake:2  | Killed Frances
 30418 | Snake:4  | Entered Level 4 of the Snake Pit
 30485 | Snake:4  | Found Wukky's Gadget Boutique.
 30708 | Snake:4  | Received a gift from Okawaru
 30719 | Snake:4  | Reached skill level 5 in Stealth
 30719 | Snake:4  | Reached XP level 18. HP: 160/160 MP: 20/24
 31004 | Snake:4  | Received a gift from Okawaru
 31160 | Snake:4  | Got a serpentine rune of Zot
 31222 | Snake:4  | Found a bloodstained altar of Trog.
 31541 | Shoals:1 | Entered Level 1 of the Shoals
 33454 | Shoals:2 | Received a gift from Okawaru
 33457 | Shoals:2 | Got an ivory trident {god gift}
 33458 | Shoals:2 | Identified the +5 trident of the End {speed, rElec Str+7 Dex-3} (Okawaru gifted it to you on level 2 of the Shoals)
 33522 | Shoals:3 | Found Haoh's Food Boutique.
 33539 | Shoals:3 | Bought a bread ration for 65 gold pieces
 33539 | Shoals:3 | Bought a bread ration for 65 gold pieces
 33539 | Shoals:3 | Bought a meat ration for 65 gold pieces
 33539 | Shoals:3 | Bought a slice of pizza for 19 gold pieces
 33539 | Shoals:3 | Bought a bread ration for 65 gold pieces
 33539 | Shoals:3 | Bought a meat ration for 65 gold pieces
 33539 | Shoals:3 | Bought a bread ration for 65 gold pieces
 33539 | Shoals:3 | Bought a bread ration for 65 gold pieces
 33539 | Shoals:3 | Bought a bread ration for 65 gold pieces
 33667 | Shoals:3 | Reached skill level 10 in Stealth
 34486 | Shoals:4 | Entered Level 4 of the Shoals
 34522 | Shoals:4 | Found Ysipeh's Jewellery Boutique.
 35015 | Shoals:4 | Reached XP level 19. HP: 172/172 MP: 18/25
 35020 | Shoals:4 | Received a gift from Okawaru
 35055 | Shoals:4 | Got a barnacled rune of Zot
 35137 | Shoals:4 | Noticed Ilsuiw
 35161 | Shoals:4 | Killed Ilsuiw
 35688 | Shoals:4 | Reached skill level 22 in Fighting
 36070 | Vaults:1 | Entered Level 1 of the Vaults
 36933 | Vaults:1 | Received a gift from Okawaru
 38130 | Vaults:1 | Reached XP level 20. HP: 169/184 MP: 26/26
 38286 | Vaults:1 | Learned a level 9 spell: Glaciate
 38770 | Vaults:2 | Noticed Boris
 38793 | Vaults:2 | Killed Boris
 38793 | Vaults:2 | Received a gift from Okawaru
 38807 | Vaults:2 | Got an ichor-stained halberd {god gift}
 38808 | Vaults:2 | Identified the +4 halberd of Okawaru's Scorn {holy, rPois} (Okawaru gifted it to you on level 2 of the Vaults)
 38866 | Vaults:2 | Reached skill level 23 in Fighting
 39045 | Vaults:2 | Got a pitted brass ring
 39050 | Vaults:2 | Identified the ring of Eteub {rPois rF+ MR+} (You found it on level 2 of the Vaults)
 39678 | Vaults:2 | Received a gift from Okawaru
 40253 | Vaults:3 | Found Taqanes's Assorted Antiques.
 40256 | Vaults:3 | Bought a potion of heal wounds for 150 gold pieces
 40256 | Vaults:3 | Bought a fine cloak for 285 gold pieces
 40266 | Vaults:3 | Identified the +0 cloak of Lacah {rN+++ MR- rCorr MP-9} (You bought it in a shop on level 3 of the Vaults)
 40786 | Vaults:3 | Found a staircase to the Crypt.
 41001 | Vaults:3 | Found Mifuas's Book Shoppe.
 42032 | Vaults:4 | Noticed conein's ghost (veteran DEWz)
 42051 | Vaults:4 | Killed conein's ghost
 42051 | Vaults:4 | Reached XP level 21. HP: 192/192 MP: 17/28
 42195 | Vaults:4 | Received a gift from Okawaru
 43161 | Vaults:1 | Reached skill level 10 in Evocations
 43307 | Depths:1 | Entered Level 1 of the Depths
 43436 | Depths:1 | Found Durgh's General Store.
 43510 | Depths:1 | Received a gift from Okawaru
 43984 | Depths:1 | Found Piamu's Antique Armour Emporium.
 43992 | Depths:1 | Bought a pair of encrusted boots for 342 gold pieces
 44114 | Depths:1 | Identified the +2 pair of boots of the Sky {+Fly rCorr Str-3 Int+2} (You bought it in a shop on level 1 of the Depths)
 44229 | Depths:1 | Found a gateway to a ziggurat.
 44429 | Depths:1 | Found Fikunaze's Gadget Boutique.
 44432 | Depths:1 | Found a gateway to Hell.
 44450 | Depths:1 | Found Usifick's Weapon Boutique.
 44456 | Depths:1 | Found Nydidwod's Magic Scroll Emporium.
 44461 | Depths:1 | Bought a scroll of fear for 66 gold pieces
 44461 | Depths:1 | Bought a scroll of teleportation for 57 gold pieces
 44461 | Depths:1 | Bought a scroll of blinking for 142 gold pieces
 46033 | Depths:2 | Received a gift from Okawaru
 46135 | Depths:2 | Reached XP level 22. HP: 122/200 MP: 23/32
 46450 | Depths:1 | Got a pitted ring mail {god gift}
 46451 | Depths:1 | Identified the +6 ring mail of the Zebra {-Tele Int+3 Dex+2} (Okawaru gifted it to you on level 1 of the Depths)
 46906 | Depths:3 | Reached skill level 15 in Evocations
 47511 | Depths:3 | Reached skill level 10 in Armour
 48568 | Depths:3 | Received a gift from Okawaru
 49009 | Depths:3 | Noticed an iron giant
 49033 | Depths:3 | Killed an iron giant
 49476 | Depths:3 | Noticed an iron giant
 49504 | Depths:3 | Killed an iron giant
 49504 | Depths:3 | Reached XP level 23. HP: 207/207 MP: 20/34
 50621 | Depths:4 | Found a magical portal.
 50659 | WizLab   | Entered Cigotuvi's Fleshworks
 51123 | WizLab   | Identified Cigotuvi's Incunabulum of Ghastly Transmigration
 51546 | WizLab   | Gained mutation: You are agile. (Dex +2) [potion of beneficial mutation]
 51547 | WizLab   | Gained mutation: You are partially covered in yellow scales (AC +2). [potion of beneficial mutation]
 51548 | WizLab   | Gained mutation: You possess an exceptional clarity of mind. [potion of beneficial mutation]
 51562 | WizLab   | Paralysed by a giant eyeball for 2 turns
 51567 | WizLab   | Paralysed by a giant eyeball for 3 turns
 51576 | WizLab   | Paralysed by a giant eyeball for 3 turns
 51585 | WizLab   | Paralysed by a giant eyeball for 4 turns
 51598 | WizLab   | Paralysed by a giant eyeball for 3 turns
 51627 | WizLab   | Paralysed by a giant eyeball for 4 turns
 51637 | WizLab   | Received a gift from Okawaru
 51637 | WizLab   | Paralysed by a giant eyeball for 3 turns
 51649 | WizLab   | Paralysed by a giant eyeball for 3 turns
 51798 | WizLab   | Got a glittering lapis lazuli ring
 51803 | WizLab   | Identified the ring "Ariu" {+/*Tele rC+ MR+ Int+3} (You found it in a wizard's laboratory)
 52196 | Depths:4 | Found a one-way gate to the infinite horrors of the Abyss.
 52747 | Depths:4 | Reached skill level 15 in Dodging
 53047 | Depths:4 | Noticed an iron giant
 53097 | Depths:4 | Killed an iron giant
 53103 | Depths:4 | Reached XP level 24. HP: 93/214 MP: 25/34
 53357 | Depths:4 | Got a sapphire-encrusted scale mail
 53436 | Depths:4 | Identified the +3 scale mail of Trumpets {MR+} (You found it on level 4 of the Depths)
 53884 | Depths:5 | Entered Level 5 of the Depths
 53898 | Depths:5 | Received a gift from Okawaru
 54314 | Depths:5 | Noticed a juggernaut
 54336 | Depths:5 | Killed a juggernaut
 54343 | Depths:5 | Found a gate to the Realm of Zot.
 54376 | Depths:5 | Reached skill level 10 in Shields
 55501 | Vaults:5 | Entered Level 5 of the Vaults
 55844 | Vaults:4 | Received a gift from Okawaru
 56123 | Vaults:4 | Received a gift from Okawaru
 56220 | Vaults:5 | Reached XP level 25. HP: 203/221 MP: 25/34
 56243 | Vaults:5 | Received a gift from Okawaru
 56559 | Vaults:5 | Reached skill level 15 in Shields
 56612 | Vaults:4 | Received a gift from Okawaru
 56839 | Vaults:5 | Gained mutation: Scrolls take you a little longer to read. [a shining eye]
 56947 | Vaults:5 | Reached skill level 24 in Polearms
 57103 | Vaults:5 | Got a silver rune of Zot
 57226 | Vaults:5 | Received a gift from Okawaru
 57278 | Vaults:5 | Found Fokuug's Magic Scroll Shop.
 57283 | Vaults:5 | Bought a scroll of teleportation for 54 gold pieces
 57283 | Vaults:5 | Bought a scroll of fear for 63 gold pieces
 57283 | Vaults:5 | Bought a scroll of recharging for 171 gold pieces
 57283 | Vaults:5 | Bought a scroll of brand weapon for 360 gold pieces
 57283 | Vaults:5 | Bought a scroll of fear for 63 gold pieces
 57283 | Vaults:5 | Bought a scroll of blinking for 135 gold pieces
 57389 | Vaults:5 | Got a slimy glaive
 57404 | Vaults:5 | Got a bloodstained scale mail
 57407 | Vaults:5 | Identified the +1 scale mail of the Echidna {Str+3} (You found it on level 5 of the Vaults)
 57485 | Vaults:5 | Identified the +1 glaive of Avarpheis {drain, +Fly rPois rF+ Str+4} (You found it on level 5 of the Vaults)
 57506 | Vaults:5 | Got a transparent chain mail
 57513 | Vaults:5 | Identified the +2 chain mail of the Game of Life {rElec rF+ rC+ Int-3} (You took it off a vault warden on level 5 of the Vaults)
 57554 | Vaults:5 | Found Sobb's Distillery.
 57607 | Vaults:5 | Identified the Almanac of Snow
 57610 | Vaults:5 | Bought a potion of resistance for 140 gold pieces
 57610 | Vaults:5 | Bought 2 potions of haste for 280 gold pieces
 57610 | Vaults:5 | Bought a potion of heal wounds for 70 gold pieces
 57638 | Vaults:5 | Got a dazzling cloak
 57649 | Vaults:5 | Identified the +3 cloak "Liemiady" {rElec Str+3} (You found it on level 5 of the Vaults)
 58057 | Vaults:5 | Identified the Volume of Moulding
 58124 | Vaults:5 | Upgraded the game from 0.18-a0-867-gfd1cc8f to 0.18-a0-875-ga513d27
 58450 | Temple   | Entered the Ecumenical Temple
 58977 | D:8      | Fell from the grace of Okawaru
 58977 | D:8      | Became a worshipper of the Shining One
 59251 | Crypt:1  | Entered Level 1 of the Crypt
 59275 | Crypt:1  | Noticed Sojobo
 59294 | Crypt:1  | Killed Sojobo
 59904 | Crypt:1  | Reached * piety under the Shining One
 60365 | Orc:2    | Bought a smoking shortbow for 312 gold pieces
 60366 | Orc:2    | Bought a smoking short sword for 312 gold pieces
 60366 | Orc:2    | Identified the +9 short sword of Xomon {freeze, MR+ MP+9 Int+9 Stlth-} (You bought it in a shop on level 2 of the Orcish Mines)
 60675 | Vaults:3 | Reached skill level 1 in Short Blades
 60837 | Crypt:1  | Reached ** piety under the Shining One
 61411 | Crypt:2  | Reached *** piety under the Shining One
 61438 | Crypt:2  | Reached XP level 26. HP: 231/231 MP: 25/34
 61542 | Crypt:2  | Reached **** piety under the Shining One
 61620 | Crypt:2  | Noticed Saint Roka
 61637 | Crypt:2  | Killed Saint Roka
 62007 | Crypt:2  | Reached ***** piety under the Shining One
 62415 | Crypt:3  | Entered Level 3 of the Crypt
 62438 | Crypt:3  | Found a staircase to the Tomb.
 62762 | Crypt:3  | Reached ****** piety under the Shining One
 63313 | Snake:1  | Bought a glowing demon trident for 450 gold pieces
 63314 | Snake:1  | Identified an uncursed glowing trishula {god gift} (a glowing demon trident blessed by the Shining One)
 63314 | Snake:1  | Received a gift from the Shining One
 63935 | Crypt:3  | Noticed a greater mummy
 63940 | Crypt:3  | Noticed Boris
 63945 | Crypt:3  | Killed a greater mummy
 63953 | Crypt:3  | Killed Boris
 63953 | Crypt:3  | Reached skill level 10 in Invocations
 64281 | Crypt:3  | Identified the Compendium of Black Rituals
 65495 | Crypt:2  | Upgraded the game from 0.18-a0-875-ga513d27 to 0.18-a0-884-gb6cfd45
 66012 | Crypt:3  | Was forgiven by Okawaru
 66806 | Tomb:1   | Entered Level 1 of the Tomb of the Ancients
 67104 | Elf:1    | Entered Level 1 of the Elven Halls
 67279 | Elf:1    | Reached XP level 27. HP: 239/239 MP: 26/35
 67467 | Elf:1    | Identified the Collected Works on Conjuration (You found it on level 1 of the Elven Halls)
 67846 | Elf:1    | Noticed Nikola
 67860 | Elf:1    | Killed Nikola
 67958 | Elf:1    | Found Bopaqic's Antique Armour Shop.
 68009 | Elf:2    | Noticed M4edhros's ghost (adept OpAr)
 68013 | Elf:2    | Killed M4edhros's ghost
 68281 | Elf:2    | Found Duepuz's Assorted Antiques.
 68333 | Elf:2    | Bought a potion of heal wounds for 135 gold pieces
 68333 | Elf:2    | Bought a scroll of teleportation for 81 gold pieces
 68333 | Elf:2    | Bought a potion of agility for 108 gold pieces
 68408 | Elf:2    | Reached skill level 25 in Fighting
 68723 | Elf:2    | Found a huge runed gate.
 68727 | Elf:2    | Found a huge runed gate.
 68727 | Elf:2    | Found a huge runed gate.
 68728 | Elf:2    | Found a huge runed gate.
 68728 | Elf:2    | Found a huge runed gate.
 68805 | Elf:2    | Cast into level 2 of the Abyss (lajatang of distortion)
 68936 | Elf:2    | Escaped the Abyss
 69309 | Elf:3    | Entered Level 3 of the Elven Halls
 69406 | Elf:3    | Found Cufar's Magic Scroll Boutique.
 69417 | Elf:3    | Bought a scroll of blinking for 127 gold pieces
 69417 | Elf:3    | Bought a scroll of teleportation for 51 gold pieces
 69417 | Elf:3    | Bought a scroll of teleportation for 51 gold pieces
 69417 | Elf:3    | Bought a scroll of recharging for 161 gold pieces
 70063 | Elf:3    | Got a smoking chain mail
 70082 | Elf:3    | Identified the +4 chain mail of the Realm of Zot {rCorr Int+3 Stlth-} (You found it on level 3 of the Elven Halls)
 70088 | Elf:3    | Got a faintly glowing lapis lazuli ring
 70158 | Elf:3    | Identified the ring "Juzyrizxo" {-Tele rF++ rC+ Dex+5} (You found it on level 3 of the Elven Halls)
 70184 | Elf:3    | Got a pitted platinum ring
 70769 | Slime:1  | Entered Level 1 of the Pits of Slime
 70855 | Slime:1  | Identified the ring of Lahofuhukh {*Contam rPois MR+ Int+5} (You took it off a deep elf mage on level 3 of the Elven Halls)
 71130 | Slime:2  | Lost mutation: You are agile. (Dex +2) [a shining eye]
 71484 | Slime:3  | Reached skill level 26 in Fighting
 71632 | Slime:3  | Gained mutation: Your spells are a little easier to cast, but a little less powerful. [a shining eye]
 71640 | Slime:3  | Lost mutation: Your muscles are strong. (Str +2) [a shining eye]
 71644 | Slime:3  | Lost mutation: Your spells are a little easier to cast, but a little less powerful. [a shining eye]
 71646 | Slime:3  | Gained mutation: Your body sometimes deteriorates upon taking damage. [a shining eye]
 72523 | Slime:6  | Entered Level 6 of the Pits of Slime
 72834 | Slime:6  | Noticed the Royal Jelly
 72928 | Slime:6  | Killed the Royal Jelly
 73591 | Slime:6  | Got an ancient brass ring
 73593 | Slime:6  | Got a pitted lapis lazuli ring
 73628 | Slime:6  | Got a slimy rune of Zot
 73650 | Slime:6  | Identified the ring of Vehumet's Outrage {Fire MR+ Str+2 Dex+4} (You found it on level 6 of the Pits of Slime)
 73653 | Slime:6  | Identified the ring "Atapn" {rN+ MR+} (You found it on level 6 of the Pits of Slime)
 73683 | Slime:6  | Got a twitching copper ring
 73720 | Slime:6  | Identified the ring "Hucvawki" {Wiz rPois rC+ Int+2} (You found it on level 6 of the Pits of Slime)
 74518 | Depths:4 | Voluntarily entered the Abyss.
 75030 | Abyss:3  | Found a bloodstained altar of Trog.
 75207 | Abyss:5  | Entered Level 5 of the Abyss
 75207 | Abyss:5  | Found a corrupted altar of Lugonu.
 75264 | Abyss:5  | Gained mutation: You are resistant to electric shocks. [a neqoxec]
 75314 | Abyss:5  | Found a corrupted altar of Lugonu.
 75458 | Abyss:5  | Reached skill level 27 in Fighting
 75527 | Abyss:5  | Lost mutation: Scrolls take you a little longer to read. [potion of cure mutation]
 75527 | Abyss:5  | Lost mutation: You are partially covered in yellow scales (AC +2). [potion of cure mutation]
 75527 | Abyss:5  | Lost mutation: Your body sometimes deteriorates upon taking damage. [potion of cure mutation]
 75739 | Abyss:5  | Paralysed by accursed screaming for 1 turns
 75807 | Abyss:5  | Lost mutation: You possess an exceptional clarity of mind. [potion of cure mutation]
 75807 | Abyss:5  | Lost mutation: You are resistant to electric shocks. [potion of cure mutation]
 76148 | Abyss:5  | Noticed an ancient lich
 76161 | Abyss:5  | Killed an ancient lich
 76351 | Abyss:5  | Reached skill level 15 in Armour
 76977 | Abyss:5  | Gained mutation: You expend magic power (3 MP) to strengthen your wands. [a neqoxec]
 77044 | Abyss:5  | Found a corrupted altar of Lugonu.
 77101 | Abyss:5  | Found a corrupted altar of Lugonu.
 77170 | Abyss:5  | Paralysed by accursed screaming for 1 turns
 77179 | Abyss:5  | Gained mutation: Armour fits poorly on your strangely shaped body. [a neqoxec]
 77238 | Abyss:5  | Paralysed by accursed screaming for 2 turns
 77700 | Abyss:5  | Got a glittering turquoise ring
 77725 | Abyss:5  | Gained mutation: You are weak. (Str -2) [a neqoxec]
 77964 | Abyss:5  | Gained mutation: You have sharp fingernails. [a neqoxec]
 78137 | Abyss:5  | Slain by a white very ugly thing

Vault maps used:
D:1:      mushboom_english_gardens, okawaru_ov_weapons_minmay
D:2:      grunt_qazlal_sundering, nemelex_deck, nicolae_overflow_crystal_walls
D:3:      fiery_altar_vehumet, grunt_temple_overflow_diamond,
          gup_sewer_entry_bowl, first_bread, minmay_misc_feat_x,
          roderic_lattice_a
D:5:      temple_fountains
D:6:      grunt_temple_overflow_order_and_chaos_2, grunt_pakellas_basics,
          old_standard_altar, serial_shops, shop
D:7:      hangedman_cross_stitches, uniq_duvessa, uniq_crazy_yiuf_cottage
D:8:      tso_metal_star, hangedman_pestilent_swarm
D:10:     lair_0_dummy, uniq_josephine
D:11:     orc_david_3, uniq_psyche, uniq_maud
D:13:     david_vaults_3, minmay_misc_feat_more_columns, minmay_door_square
D:14:     wad_woods_settlement, minmay_misc_feat_cross, evilmike_butchery
D:15:     grunt_enter_depths_hoard, serial_shops, shop, fedhas_altar_4
Temple:   temple_island_7
Lair:1:   grunt_megastairs_3
Lair:2:   nicolae_volcano_entry_s_turn
Lair:3:   beast_lair_carwin_3
Lair:4:   minmay_shoals_entry_beasts, portal_ice_cave_entry_imps, minivault_29,
          bh_autumn_forest_stairs
Lair:5:   lemuel_fruit_tree, serial_bayou_shore_a, grunt_megastairs_2,
          infiniplex_staircase_pool_2
Lair:6:   kennysheep_abandoned_house, guppyfry_snake_entry_garden,
          nicolae_slime_entry_slimehenge
Lair:7:   serial_bayou_lagoon_a
Lair:8:   minmay_lair_end_enchanted_forest, small_statue_intersection,
          nicolae_quartered_pool_little, serial_bayou_pond_a
Shoals:3: serial_shops, nicolae_shop_competitors_out_of_business
Shoals:4: shoals_end_grunt_ice, shoals_ilsuiw_alternative, serial_shops,
          nicolae_shop_competitors_out_of_business
Snake:1:  serial_shops, shop
Snake:2:  cheibrodos_snake_lava_hold, serial_shops,
          nicolae_shop_overgrown_old_shop, serial_bayou, serial_bayou_pond_d,
          serial_bayou_crossing, serial_bayou_pond_a, serial_bayou_lagoon_b,
          nicolae_large_snake_swirl, serial_bayou_shore_b, uniq_frances
Snake:3:  serial_shops, shop
Snake:4:  grunt_snake_rune_pools, serial_shops,
          nicolae_shop_temple_entry_statues_fountains, basic_altar
Orc:1:    nicolae_orc_tapped_out
Orc:2:    pf_orc_diabolical, uniq_snorg
Elf:1:    elf_arrival_002, serial_shops, nicolae_shop_statue_plus,
          minmay_elf_annihilation, uniq_nikola
Elf:2:    serial_shops, shop_fountains
Elf:3:    grunt_elf_hall_spiral, serial_shops, shop_scrolls,
          minmay_strange_pillars
Vaults:1: v_rooms_4, ontoclasm_vaults_spin, ontoclasm_vaults_shout,
          hangedman_vaults_impose, v_pattern_3, dpeg_vaults_monster_box,
          nicolae_vaults_little_squares_2, ontoclasm_vaults_idyll
Vaults:2: hangedman_vaults_trim, vaults_mumra_chevron, vaults_dpeg_encased_lava,
          nicolae_vaults_meeting, nicolae_vaults_shelves_hall,
          hangedman_vaults_capsules, ontoclasm_vaults_decontamination,
          vaults_dpeg_hooks, uniq_boris
Vaults:3: vaults_room_ringed_pool, vaults_mumra_bighexcomb, vaults_room_boxed,
          nicolae_vaults_sealed_display, nicolae_vaults_diagonal_hallway_7,
          nicolae_vaults_theta, vaults_room_door_hall,
          minmay_crypt_entry_simple_statues, hangedman_vaults_trim,
          serial_shops, bzr_entry_islet, shop_statue, nicolae_shop_crystal
Vaults:4: vaults_dpeg_ring, vaults_dpeg_diagonal, v_misc_23,
          nicolae_vaults_little_squares_1, vaults_room_pools, v_misc_16,
          v_misc_25, vaults_room_grid, nicolae_vaults_theta, vaults_room_pool,
          v_alt_pattern_1, vaults_dpeg_doors
Crypt:1:  uniq_sojobo
Crypt:2:  uniq_saint_roka
Crypt:3:  due_elkab, grunt_ministairs_7, uniq_boris
Depths:1: enter_ziggurat_d, serial_shops, nicolae_shop_stone, shop, shop, shop,
          shop, grunt_pan_entry_in_and_out, hell_entry, serial_bayou_ford_a,
          spider_trap, grunt_ministairs_11, kennysheep_generic_room_14
Depths:2: cheibrodos_poisonous_passages, hangedman_coc_ice_floe,
          serial_sigils_hangedman_scratch
Depths:3: kennysheep_four_of_diamonds, nicolae_lava_and_water,
          grunt_mini_vestibule, pan_entry, minmay_liquid_box,
          infiniplex_staircase_zigzag_2
Depths:4: gammafunk_depths_water_palace, minmay_hedge_maze, serial_sigils,
          serial_sigils_hangedman_gnaw, serial_sigils_hangedman_writhe,
          serial_sigils_hangedman_stare, rand_demon_pan_entry_5, abyss_entry,
          hell_entry, infiniplex_enter_wizlab_glasses
Depths:5: evilmike_zot_entry_basic, grunt_hell_entry_dis_grunt,
          hangedman_abyss_or_decor_passed
Abyss:1:  hangedman_abyss_exit_choices
Abyss:3:  evilmike_abyss_exit_mutagenic
Abyss:4:  evilmike_abyss_exit_disperse, grunt_abyss_rune_sword_and_sorcery,
          minivault_13
Abyss:5:  guppyfry_abyss_exit_imp_island, evilmike_abyss_rune_elephants,
          evilmike_abyss_exit_15
Sewer:    sewer_co_15_rooms
Volcano:  volcano_grotto
WizLab:   wizlab_cigotuvi

Action                   |  1- 3 |  4- 6 |  7- 9 | 10-12 | 13-15 | 16-18 | 19-21 | 22-24 | 25-27 || total
-------------------------+-------+-------+-------+-------+-------+-------+-------+-------+-------++-------
Melee: Trident           |   143 |   240 |   612 |       |       |    44 |       |       |       ||  1039
       Demon trident     |       |       |    19 |   562 |  1155 |  1432 |  1721 |  1744 |   300 ||  6933
       Glaive            |       |       |       |       |       |       |       |       |   534 ||   534
       Short sword       |       |       |       |       |       |       |       |       |    42 ||    42
       Trishula          |       |       |       |       |       |       |       |       |  3730 ||  3730
Invok: Heroism           |       |     1 |    16 |     8 |    15 |    18 |    10 |    18 |     3 ||    89
       Finesse           |       |       |       |       |     8 |     9 |     3 |     7 |     2 ||    29
       Divine Shield     |       |       |       |       |       |       |       |       |    26 ||    26
       Cleansing Flame   |       |       |       |       |       |       |       |       |     8 ||     8
       Summon Divine War |       |       |       |       |       |       |       |       |    11 ||    11
       Brand Weapon With |       |       |       |       |       |       |       |       |     1 ||     1
 Abil: Evoke Berserk Rag |       |       |       |       |     1 |     1 |       |       |       ||     2
Evoke: Wand              |       |       |       |       |       |     2 |     1 |     7 |    12 ||    22
  Use: Scroll            |     4 |       |    25 |    14 |    10 |    19 |     9 |     7 |    31 ||   119
       Potion            |       |       |     2 |     8 |     2 |     6 |     1 |    17 |    47 ||    83
 Stab: Sleeping          |       |     4 |     1 |     2 |       |       |       |       |       ||     7
       Distracted        |       |     1 |     1 |       |       |       |     1 |     3 |     4 ||    10
       Invisible         |       |       |       |       |       |       |       |     5 |    19 ||    24
       Paralysed         |       |       |       |       |       |       |       |       |     3 ||     3
       Petrifying        |       |       |       |       |       |       |       |       |     1 ||     1
  Eat: Chunk             |     2 |     6 |    14 |    10 |    44 |    32 |    44 |    10 |    15 ||   177
       Bread ration      |       |       |     1 |     3 |     4 |     2 |     8 |     7 |     7 ||    32
       Royal jelly       |       |       |       |     1 |     3 |     4 |       |     1 |     4 ||    13
       Fruit             |       |       |       |       |       |    16 |       |     9 |       ||    25
       Meat ration       |       |       |       |       |       |     1 |       |     1 |     6 ||     8
       Pizza             |       |       |       |       |       |       |       |     2 |     6 ||     8
       Beef jerky        |       |       |       |       |       |       |       |       |     1 ||     1
